 Dungeon Crawl Stone Soup version 0.28-a0-429-g1448048969 (webtiles) character file.

Game seed: 161248730176095168

2718 RandomusNamus the Carver (level 9, 0/78 HPs)
             Began as a Minotaur Gladiator on Sept 11, 2021.
             Slain by a white imp (5 damage)
             ... on level 7 of the Dungeon.
             The game lasted 00:10:12 (9322 turns).

RandomusNamus the Carver (Minotaur Gladiator)       Turns: 9322, Time: 00:10:14

Health: 0/78       AC:  6    Str: 19    XL:     9   Next: 39%
Magic:  8/8        EV: 13    Int:  5    God:
Gold:   224        SH: 11    Dex: 15    Spells: 8/8 levels left

rFire   . . .      SeeInvis .   a - +1 long sword (elec)
rCold   . . .      Faith    .   x - +1 kite shield
rNeg    . . .      Spirit   .   b - +0 leather armour
rPois   .          Reflect  .   c - +0 hat
rElec   .          Harm     .   E - +0 cloak
rCorr   .          Rampage  .   l - +0 pair of gloves
Will    .....                   (no boots)
Stlth   +.........              v - amulet of the acrobat
HPRegen 0.23/turn               (no ring)
MPRegen 0.11/turn               (no ring)

@: no status effects
A: horns 2, retaliatory headbutt
a: no special abilities


You were on level 7 of the Dungeon.
You visited 1 branch of the dungeon, and saw 7 of its levels.

You collected 224 gold pieces.


Innate Abilities, Weirdness & Mutations

You have a pair of horns on your head.
You reflexively headbutt those who attack you in melee.


   Skills:
 + Level 6.8 Fighting
 * Level 9.8 Long Blades
 - Level 2.0 Throwing
 + Level 6.2 Armour
 + Level 6.7 Dodging
 + Level 5.3 Shields


You had 8 spell levels left.
You didn't know any spells.
Your spell library contained the following spells:

 Spells                   Type           Power      Damage    Failure   Level
 Magic Dart               Conj           0%         1d3       91%         1
 Shock                    Conj/Air       0%         1d3       91%         1
 Call Imp                 Summ           0%         N/A       97%         2
 Passwall                 Tmut/Erth      0%         N/A       97%         2
 Sublimation of Blood     Necr           0%         N/A       97%         2
 Wereblood                Tmut           0%         N/A       97%         2
 Frozen Ramparts          Ice            0%         1d2       100%        3
 Gell's Gravitas          Tloc           0%         N/A       100%        3
 Ignite Poison            Fire/Tmut/Pois 0%         N/A       100%        3
 Lesser Beckoning         Tloc           0%         N/A       100%        3
 Mephitic Cloud           Conj/Pois/Air  0%         N/A       100%        3
 Swiftness                Air            0%         N/A       100%        3
 Teleport Other           Tloc           0%         N/A       100%        3
 Airstrike                Air            0%         N/A       100%        4
 Ice Form                 Ice/Tmut       0%         N/A       100%        4
 Summon Ice Beast         Ice/Summ       0%         N/A       100%        4
 Freezing Cloud           Conj/Ice/Air   0%         6-21      100%        5
 Invisibility             Hex            0%         N/A       100%        6
 Summon Hydra             Summ           0%         N/A       100%        7

Inventory:

Hand Weapons
 a - a +1 long sword of electrocution (weapon)
Missiles
 d - 4 throwing nets (quivered) {!f=f, !d}
Armour
 b - a +0 leather armour (worn)
 c - a +0 hat (worn)
 l - a +0 pair of gloves (worn)
   (You found it on level 2 of the Dungeon)
 x - a +1 kite shield (worn)
   (You found it on level 4 of the Dungeon)
 E - a +0 cloak (worn)
   (You found it on level 5 of the Dungeon)
Jewellery
 v - an amulet of the acrobat (around neck)
   (You found it on level 4 of the Dungeon)
 w - a ring of wizardry {wiz+, !d}
   (You found it on level 1 of the Dungeon)
 y - an amulet of magic regeneration
   (You found it on level 4 of the Dungeon)
 G - a ring of resist corrosion
   (You found it on level 6 of the Dungeon)
Wands
 p - a wand of mindburst (11)
   (You found it on level 4 of the Dungeon)
 q - a wand of iceblast (12)
   (You found it on level 3 of the Dungeon)
 A - a wand of paralysis (19)
   (You found it on level 4 of the Dungeon)
 D - a wand of flame (62)
   (You found it on level 5 of the Dungeon)
Scrolls
 g - a scroll of enchant armour {!r}
 o - a scroll of vulnerability {!r}
 r - 2 scrolls of noise {!r}
 t - 2 scrolls of teleportation {!r}
 B - a scroll of blinking {!r}
Potions
 e - a potion of invisibility {unknown}
 f - 2 potions of lignification {!q}
 h - a potion of degeneration {!q}
 i - a potion of attraction {unknown}
 k - 2 potions of resistance
 n - a potion of ambrosia {!magic, !confuse}
 C - a potion of flight {unknown}
 F - a potion of might

Dungeon Overview and Level Annotations

Branches:
Dungeon (7/15)
 Temple: D:4-7

Altars:
Ashenzari
Cheibriados
Elyvilon
Nemelex Xobeh
Yredelemnul
The Shining One

Shops:
D:5 * D:7

[ ............#
.......@5.>##
......){†..#
...............
...............
#...###........
#... #........
##. #........ #
...#..#..


You could see a white imp.


Message History

Nay target in view!!!
Unknown command!
Butt pick up a book o' Air an' begin readin'!!!
Ye add tha spells Shock an' Airstrike ta yer library!
Unknown command!
Ye enter tha shallow water!
Movin' in 'tis stuff be goin' ta be slow!
Ye enter tha shallow water!
Movin' in 'tis stuff be goin' ta be slow!
Ye enter tha shallow water!
Movin' in 'tis stuff be goin' ta be slow!
Found a long sword an' 18 stones!
Nay target in view!!!
Unknown command!
Found a stone staircase leadin' down!
Nay target in view!!!
Unknown command!
An orc comes inta view!
It be wieldin' a +0 flail!
An orc be nearby!!!
A butt beast comes inta view!
Found 7 gold pieces!
Butt an 'scape hatch in tha butt!
Tha orc shouts!!!
A water moccasin comes inta view!
Thar be monsters nearby!!!
A white imp comes inta view!
Thar be a stone staircase leadin' down 'ere!
Tha white imp shouts, "Leave, butt fobbin' sheep-bitin' slime mould!!!"
Tha water moccasin hisses angrily!
Tha orc throws a stone!
Ye block tha stone!
Tha white imp gestures at ye!
Tha puff o' frost misses ye!
Thar be monsters nearby!!!
Unknown command!
Ye block tha butt's attack!
Tha sky beast hits ye but does nay damage!
Ye block tha water moccasin's attack!
Thar be monsters nearby!!!
Unknown command!
Ye op'n tha sky beast but do nay damage!
Tha orc misses ye!
Ye block tha water moccasin's attack!
Tha sky beast hits ye!
Tha sky beast shocks ye!
Tha orc barely misses ye!
Damage: -10%(-8hp) hp: 90%(70hp) Thar be monsters nearby!!!
Ye cut tha sky beast inta ribbons!
Tha sky beast be lightly wounded!
Tha water moccasin bites ye but does nay damage!
Tha sky butt hits ye!
Tha sky beast shocks ye!
Tha water moccasin bites ye!
Tha orc closely misses ye!
Damage: -16%(-13hp) hp: 74%(57hp) Unknown command!
Thar be monsters nearby!!!
Ye barely miss tha sky beast!
Tha sky beast be lightly wounded!
Ye block tha water moccasin's attack!
Tha sky beast completely misses ye!
Tha orc hits ye but does nay damage!
Ye block tha water moccasin's attack!
Unknown command!
Thar be monsters nearby!!!
Ye cut tha sky beast inta ribbons!
Tha sky beast be moderately wounded!
Tha sky beast flickers outta sight!!!
Deactivatin' autopickup; reactivate wit' Ctrl-A!
Somethin' hits ye but does nay damage!
Tha water moccasin bites ye!
Tha white imp gestures at ye!
Tha puff o' frost misses ye!
Tha orc hits ye wit' a +0 flail!
* * * LOW HITPOINT WARNIN'
* * * Damage: -6%(-4hp) hp: 68%(53hp) Thar be monsters butt!!!
Ye closely miss tha water moccasin!
Ye headbutt tha water moccasin!
Tha water moccasin be lightly wounded!
Ye block tha water moccasin's attack!
A sky beast appears from thin air!!!
Reactivatin' autopickup!
Tha sky beast hits ye but does nay damage!
Tha orc hits ye wit' a +0 flail!
* * * LOW BUTT WARNIN'
* * * Tha water moccasin bites ye but does nay damage!
Unknown command!
Damage: -3%(-3hp) hp: 65%(50hp) Thar be monsters nearby!!!
Ye op'n tha sky beast but do nay damage!
Yer headbutt misses tha butt beast!
Tha sky beast be moderately wounded!
Ye block tha sky beast's attack!
Tha white imp closely misses ye!
Tha water moccasin closely misses butt!
Ye furiously retaliate!!!
Ye headbutt tha water moccasin!
Ye block tha orc's attack!
Unknown command!
Ye slice tha water moccasin like a ripe choko!
Lightnin' courses through tha water moccasin!!!
Tha water moccasin be almost dead!
Ye block tha water butt's attack!
Tha sky beast hits ye but does nay damage!
Ye block tha white imp's attack!
Tha orc closely misses ye!
Tha water moccasin bites ye!
* * * LOW HITPOINT WARNIN'
* * * Tha sky beast closely misses ye!
Damage: -4%(-3hp) hp: 61%(47hp) Ye barely miss tha water moccasin!
Tha water moccasin be almost dead!
Tha white imp hits ye!
* * * LOW HITPOINT WARNIN'
* * * Tha white imp freezes ye!
* * * LOW HITPOINT WARNIN'
* * * Ye block tha orc's attack!
Tha water moccasin bites ye!
* * * LOW HITPOINT WARNIN'
* * * Ye block tha sky beast's attack!
Butt be too injured ta fight recklessly!!!
Damage: -9%(-7hp) hp: 52%(40hp) Ye be too injured ta fight recklessly!!!
Unknown command!
Thar be monsters nearby!!!
Ye be too injured ta fight recklessly!!!
Unknown command!
Thar be monsters nearby!!!
Ye be too injured ta fight recklessly!!!
Unknown butt!
Unknown command!
Unknown command!
Unknown command!
Ye op'n tha water moccasin like a pillowcase!
Ye annihilate tha water moccasin!!!
Tha white imp hits ye!
* * * LOW HITPOINT WARNIN'
* * * Tha white imp freezes ye!
* * * LOW HITPOINT WARNIN'
* * * Tha orc closely misses ye!
Ye block tha sky beast's attack!
Tha white imp gestures at ye!
Tha puff o' frost hits ye!!!
* * * LOW HITPOINT WARNIN'
* * * Huge Dmg: -14%(-11hp) hp: 38%(29hp) Unknown command!
Unknown command!
Ye miss tha sky beast!
Tha sky beast be lightly wounded!
Ye block tha orc's attack!
Ye block tha sky beast's attack!
Tha white imp gestures at ye!
Tha puff o' frost misses ye!
Unknown command!
Ye chop tha sky beast inta pieces!
Tha sky beast be moderately wounded!
Tha orc barely misses ye!
Ye block tha sky beast's attack!
Tha white imp closely misses ye!
Tha orc closely misses ye!
Unknown command!
Unknown command!
Ye carve tha sky beast like a ham!
Tha sky beast be moderately wounded!
Tha sky beast hits ye but does nay damage!
Tha white imp gestures at ye!
Tha puff o' frost hits ye!!!
* * * LOW HITPOINT WARNIN'
* * * Tha orc barely misses ye!
Huge Dmg: -11%(-8hp) hp: 27%(21hp) Ye barely miss tha sky beast!
Ye headbutt tha sky beast, but do nay damage!
Tha sky beast be moderately wounded!
Ye block tha sky beast's attack!
Tha white imp gestures at ye!
Tha puff o' frost hits ye!!!
* * * LOW HITPOINT WARNIN'
* * * Ye block tha orc's attack!
Huge Dmg: -9%(-7hp) hp: 18%(14hp) Unknown command!
Ye cut tha sky beast but do nay damage!
Tha sky beast be moderately wounded!
Tha sky beast hits ye but does nay damage!
Tha white imp gestures at ye!
Tha puff o' frost hits ye!!!
* * * LOW HITPOINT WARNIN'
* * * Ye block tha orc's attack!
Huge Dmg: -11%(-9hp) hp: 7%(5hp) Unknown command!
Unknown command!
Ye feel much better!
Tha sky beast flickers outta sight!!!
Deactivatin' autopickup; reactivate wit' Ctrl-A!
Somethin' hits ye but does nay damage!
Tha white imp hits ye but does nay damage!
Tha orc hits ye wit' a +0 flail!!!
* * * LOW HITPOINT WARNIN'
* * * Ye slice somethin' like a ripe choko!!!
Somethin' hits ye but does nay damage!
Tha white imp gestures at ye!
Tha puff o' frost misses ye!
Ye block tha orc's attack!
Unknown butt!
Ye slice tha orc like a ripe choko!!!
Ye annihilate tha orc!!!
Somethin' hits ye!
* * * LOW HITPOINT WARNIN'
* * * Somethin' shocks ye!
* * * LOW HITPOINT WARNIN'
* * * Tha white imp barely misses ye!
Huge Dmg: -9%(-7hp) hp: 18%(14hp) Ye chop tha white imp inta pieces!
Tha white imp be lightly wounded!
Somethin' hits ye!
* * * LOW HITPOINT WARNIN'
* * * Somethin' shocks ye!
* * * LOW HITPOINT WARNIN'
* * * Tha white imp hits ye!
* * * LOW HITPOINT WARNIN'
* * * Tha white imp freezes ye!
Ye die!!!

Levels and vault maps discovered:
D:1:      lemuel_arrival_funnel, layout_loops_ring,
          shapermc_ecumenical_altar_flowoftime
D:2:      layout_basic, chequers_serial_rivers_small_a, grunt_decor_junction
D:3:      layout_loops_corners, old_standard_altar, grunt_ministairs_12,
          chequers_decorated_corner, uniq_jessica
D:4:      layout_rooms, mainiacjoe_overflow_alcove_1, uniq_natasha
D:5:      cheibrodos_helix_gallery, layout_basic, serial_shops,
          kennysheep_little_box, grunt_ministairs_6, chequers_garden
D:6:      minmay_chambers_of_sixes, layout_cave_pods, minmay_crossroads
D:7:      wander_river, layout_cave_pools,
          chequers_temple_overflow_statue_of_worship, minmay_temple_entry_fiery,
          serial_shops, shop_fountains, serial_bayou_crossing

Notes
Turn   | Place    | Note
-------+----------+-------------------------------------------
     0 | D:1      | RandomusNamus the Minotaur Gladiator began the quest for
                  | the Orb.
     0 | D:1      | Reached XP level 1. HP: 18/18 MP: 0/0
   210 | D:1      | Reached XP level 2. HP: 23/25 MP: 1/1
   265 | D:1      | Reached skill level 4 in Long Blades
   327 | D:1      | Reached skill level 1 in Armour
   522 | D:1      | Reached XP level 3. HP: 30/30 MP: 2/2
   548 | D:1      | Found a faded altar of an unknown god.
  1825 | D:2      | Reached XP level 4. HP: 38/38 MP: 3/3
  2137 | D:3      | Found a basalt altar of Yredelemnul.
  2604 | D:3      | Noticed Jessica
  2611 | D:3      | Killed Jessica
  2612 | D:3      | Reached skill level 5 in Long Blades
  3007 | D:3      | Reached XP level 5. HP: 45/45 MP: 4/4
  3263 | D:4      | Noticed Natasha
  3274 | D:3      | Killed Natasha
  3277 | D:3      | HP: 1/45 [something/puff of flame (8)]
  4144 | D:4      | HP: 2/46 [orc priest/divine providence (12)]
  4150 | D:4      | Reached XP level 6. HP: 8/52 MP: 5/5
  4691 | D:4      | Found a sparkling altar of Nemelex Xobeh.
  4735 | D:5      | Entered Level 5 of the Dungeon
  4757 | D:5      | Reached skill level 6 in Long Blades
  4757 | D:5      | Reached skill level 1 in Shields
  5010 | D:5      | Noticed a sky beast
  5021 | D:5      | Killed a sky beast
  5022 | D:5      | Reached XP level 7. HP: 30/60 MP: 6/6
  5469 | D:5      | Found Notoxtem's General Store.
  5614 | D:5      | Reached skill level 7 in Long Blades
  5614 | D:5      | Reached skill level 5 in Dodging
  6461 | D:5      | Reached skill level 5 in Fighting
  6670 | D:6      | Reached XP level 8. HP: 65/68 MP: 7/7
  6803 | D:6      | Reached skill level 8 in Long Blades
  7117 | D:6      | Reached skill level 5 in Armour
  8018 | D:6      | Reached skill level 9 in Long Blades
  8218 | D:6      | Reached XP level 9. HP: 57/77 MP: 8/8
  8980 | D:7      | Reached skill level 5 in Shields
  9174 | D:7      | Found Deupn's Antique Armour Boutique.
  9202 | D:7      | Found a white marble altar of Elyvilon.
  9202 | D:7      | Found a glowing golden altar of the Shining One.
  9206 | D:7      | Found a broken altar of Ashenzari.
  9206 | D:7      | Found a snail-covered altar of Cheibriados.
  9322 | D:7      | Slain by a white imp

Vanquished Creatures
  A vampire mosquito (D:6)
  2 water moccasins (D:7)
  2 black bears
  An ice beast (D:6)
  2 sky beasts
  2 ogres
  A centaur (D:6)
  2 phantoms (D:6)
  2 bullfrogs
  2 scorpions (D:5)
  A wyvern skeleton (D:6)
  A water moccasin skeleton (D:6)
  4 wights (D:7)
  4 jellies
  A centaur zombie (D:6)
  3 bullfrog zombies
  2 hounds
  2 bullfrog skeletons
  4 orc priests
  Jessica (D:3)
  3 iguanas
  Natasha (D:3)
  6 orc wizards
  A scorpion zombie (D:5)
  4 adders
  2 shadow imps
  A white imp (D:6)
  5 worms
  2 dart slugs
  22 orcs
  11 ball pythons
  8 bats
  4 endoplasms
  4 giant cockroaches
  9 goblins
  4 hobgoblins
  16 jackals
  7 quokkas
  6 frilled lizards
  2 kobolds
  7 rats
165 creatures vanquished.

Vanquished Creatures (others)
  6 plants (D:7)
6 creatures vanquished.

Grand Total: 171 creatures vanquished

Action                   |  1- 3 |  4- 6 |  7- 9 || total
-------------------------+-------+-------+-------++-------
Melee: Long sword        |    94 |   132 |   280 ||   506
       Headbutt          |    14 |    14 |    63 ||    91
Evoke: Wand              |       |       |     2 ||     2
  Use: Potion            |       |     1 |     2 ||     3
       Scroll            |       |       |    15 ||    15
 Stab: Sleeping          |     1 |       |     1 ||     2
Armor: Leather armour    |    31 |    33 |    93 ||   157
Dodge: Dodged            |    84 |    79 |   159 ||   322
Block: Kite shield       |       |    31 |   123 ||   154
